 Dungeon Crawl Stone Soup version 0.24.0-13-gcf9b3192b9 (webtiles) character file.

Game seed: 3834407166254996243, levelgen mode: deterministic

50 Esekla the Charmwright (level 3, 0/20 HPs)
             Began as a Deep Elf Skald on Nov 6, 2019.
             Slain by Sigmund
             ... wielding a +0 scythe
              (9 damage)
             ... on level 2 of the Dungeon.
             The game lasted 00:06:20 (841 turns).

Esekla the Charmwright (Deep Elf Skald)              Turns: 841, Time: 00:06:20

Health: 0/20       AC:  4    Str:  8    XL:     3   Next: 55%
Magic:  6/9        EV: 13    Int: 17    God:
Gold:   64         SH:  0    Dex: 15    Spells: 5/8 levels left

rFire    . . .     SeeInvis .   a - +0 falchion
rCold    . . .     Gourm    .   (no shield)
rNeg     . . .     Faith    .   b - +0 leather armour
rPois    +         Spirit   .   (no helmet)
rElec    .         Reflect  .   (no cloak)
rCorr    .         Harm     .   (no gloves)
MR       .....                  f - +0 pair of boots
Stlth    +.........             (no amulet)
HPRegen  0.06/turn              m - ring of poison resistance
MPRegen  0.11/turn              (no ring)

@: infused
A: no striking features
a: no special abilities


You were on level 2 of the Dungeon.
You were not hungry.

You visited 1 branch of the dungeon, and saw 2 of its levels.

You collected 64 gold pieces.

Inventory:

Hand Weapons
 a - a +0 falchion (weapon)
Missiles
 c - 2 boomerangs (quivered)
Armour
 b - a +0 leather armour (worn)
 f - a +0 pair of boots (worn)
Jewellery
 m - a ring of poison resistance (left hand)
Scrolls
 e - a scroll of enchant weapon {unknown}
 g - a scroll of blinking {unknown}
 h - a scroll of noise {unknown}
 i - 4 scrolls of identify {unknown}
 j - a scroll of amnesia {unknown}
 l - a scroll of magic mapping {unknown}
 n - a scroll of teleportation {unknown}
Potions
 k - a potion of mutation {unknown}
 o - a potion of degeneration {unknown}
Comestibles
 d - a ration


   Skills:
 - Level 1.5 Fighting
 * Level 2.8 Long Blades
 + Level 1.1 Armour
 * Level 3.5 Dodging
 - Level 3.0 Spellcasting
 - Level 4.4 Charms


You had 5 spell levels left.
You knew the following spells:

 Your Spells              Type           Power        Failure   Level  Hunger
a - Infusion              Chrm           ###.         4%          1    None
c - Song of Slaying       Chrm           ###.....     6%          2    ##.....

Your spell library contained the following spells:

 Spells                   Type           Power        Failure   Level  Hunger
 Shroud of Golubria       Chrm/Tloc      ##....       16%         2    ##.....
 Regeneration             Chrm/Necr      ##........   30%         3    ###....
 Spectral Weapon          Hex/Chrm       ##......     30%         3    ###....


Dungeon Overview and Level Annotations

Branches:
Dungeon (2/15)

Altars:
Ru

Annotations:
D:2 Sigmund


Message History

Found a ration.
Found a sacrificial altar of Ru.
Found 16 gold pieces.
Found a scroll labeled HIQACS BEGGUYK and a scroll labeled AHATEO WEDWILEMO.
As you open the door, it creaks loudly!
You hear a shout!
Sigmund the Dreaded comes into view.
He is wielding a +0 scythe.
There is an open door here.
You see here 16 gold pieces.
Casting: Infusion (safe; 4% risk of failure)
Confirm with . or Enter, or press ? or * to list all spells.
You begin infusing your attacks with magical energy.
Sigmund points at you and mumbles some strange words.
The puff of flame misses you. Sigmund hits you with a +0 scythe.
You hit Sigmund!
Sigmund is moderately wounded.
Sigmund hits you with a +0 scythe.
You slash Sigmund!
Sigmund is heavily wounded.
Sigmund hits you with a +0 scythe!
You die...

#..........
......#.....#.........
.....#.≈≈≈.#)........
....#≈...≈#.........
###...#≈._.≈#.........
#.....#≈...≈#.######.#
#.....#.≈≈≈.#.........
#...#.#.....#..#...#.#
#...@@.#...#...#...#.#
#..$###.#.#....#...#.#
#........#....##...#.#
#..??####.###.######.#
####.# #.# #.######.#
#.# #.# .........# #.#
#.# #.######## #.# #.#
%. #.. ..#


You could see Sigmund.

Vanquished Creatures
  Jessica (D:2)
  An ooze (D:1)
  A dart slug (D:2)
  2 leopard geckos (D:1)
  A giant cockroach (D:1)
  A goblin (D:1)
  A hobgoblin (D:1)
  2 jackals (D:1)
  A ball python (D:1)
  A bat (D:1)
  3 kobolds (D:1)
  2 rats (D:1)
17 creatures vanquished.

Notes
Turn   | Place    | Note
-------+----------+-------------------------------------------
     0 | D:1      | Esekla the Deep Elf Skald began the quest for the Orb.
     0 | D:1      | Reached XP level 1. HP: 12/12 MP: 6/6
   179 | D:1      | Reached XP level 2. HP: 11/16 MP: 1/8
   548 | D:1      | Learned a level 2 spell: Song of Slaying
   699 | D:2      | Reached skill level 1 in Armour
   702 | D:2      | Noticed Jessica
   708 | D:2      | Killed Jessica
   708 | D:2      | Reached XP level 3. HP: 15/20 MP: 5/9
   822 | D:2      | Found a sacrificial altar of Ru.
   830 | D:2      | Noticed Sigmund
   841 | D:2      | Slain by Sigmund

Levels and vault maps discovered:
D:1:      evilmike_arrival_fibonacci_small, layout_loops_cross
D:2:      layout_basic, nicolae_ru_awakened_eye, minitemple, first_ration,
          uniq_jessica, uniq_sigmund

Skill      XL: |  1  2 |
---------------+-------+-----
Long Blades    | 2 |  2.8
Dodging        | 3 |  3.5
Armour         | 1 |  1.1
Fighting       | |  1.5
Spellcasting   | |  3.0
Charms         | |  4.4

Action                   || total
-------------------------++-------
Melee: Falchion          ||    45
 Cast: Infusion          ||     7
 Stab: Sleeping          ||     1
Armor: Leather armour    ||    12
Dodge: Dodged            ||    31
       Rpst.: Falchion   ||    11
